 Dungeon Crawl Stone Soup version 0.24-a0-639-gb70a11d811 (webtiles) character file.

Game seed: 18023000241209327310, levelgen mode: classic

574 EnegeticOcto the Chopper (level 7, -3/63 HPs)
             Began as a Deep Dwarf Fighter on Sept 21, 2019.
             Was an Initiate of Makhleb.
             Slain by an ogre
             ... wielding a cursed -2 giant spiked club
              (6 damage)
             ... on level 4 of the Dungeon.
             The game lasted 00:02:34 (1987 turns).

EnegeticOcto the Chopper (Deep Dwarf Fighter)       Turns: 1987, Time: 00:02:34

Health: -3/63      AC:  9    Str: 22    XL:     7   Next: 12%
Magic:  5/5        EV:  7    Int:  8    God:    Makhleb [......]
Gold:   174        SH: 10    Dex: 12    Spells: 6/6 levels left

rFire    . . .     SeeInvis .   a - +0 war axe
rCold    . . .     Gourm    .   c - +0 shield
rNeg     . . .     Faith    .   u - -1 chain mail (curse)
rPois    .         Spirit   .   k - +0 helmet
rElec    .         Reflect  .   (no cloak)
rCorr    .         Harm     .   (no gloves)
MR       +....                  (no boots)
Stlth    ..........             (no amulet)
HPRegen  0.00/turn              (no ring)
MPRegen  0.09/turn              (no ring)

@: non-regenerating
A: damage resistance, heal wounds, sense surroundings 1, no regeneration
a: Heal Wounds, Renounce Religion


You were on level 4 of the Dungeon.
You worshipped Makhleb.
Makhleb was noncommittal.
You were not hungry.

You visited 1 branch of the dungeon, and saw 4 of its levels.

You collected 174 gold pieces.

Inventory:

Hand Weapons
 a - a +0 war axe (weapon)
Armour
 c - a +0 shield (worn)
 k - a +0 helmet (worn)
 u - a cursed -1 chain mail (worn)
 v - a cursed -2 cloak
Jewellery
 w - an uncursed ring of poison resistance {unknown}
Scrolls
 b - 3 scrolls of identify {@r1}
 h - 5 scrolls of teleportation {@r3 !r}
 i - a scroll of random uselessness {unknown}
 l - a scroll of enchant weapon {unknown}
 n - a scroll of enchant armour {unknown}
 p - 2 scrolls of immolation {unknown}
 q - 5 scrolls of remove curse {unknown}
 r - 5 scrolls of magic mapping {@r5 !r}
 t - a scroll of fog {!r}
Potions
 d - a potion of might {@q3 !q}
 f - 2 potions of cancellation
 g - a potion of heal wounds {@q2 !q}
 m - 3 potions of flight
 o - a potion of curing {@q1 !q}
 s - a potion of invisibility {unknown}
Comestibles
 e - 6 rations
 j - 19 chunks of flesh


   Skills:
 + Level 3.8 Fighting
 * Level 5.2 Axes
 + Level 4.7 Armour
 + Level 3.0 Dodging
 + Level 4.7 Shields
 + Level 0.6 Invocations


You had 6 spell levels left.
You didn't know any spells.
Your spell library contained the following spells:

 Spells                   Type           Power        Failure   Level  Hunger
 Magic Dart               Conj           #...         100%        1    ##.....
 Searing Ray              Conj           #.....       100%        2    ###....
 Dazzling Spray           Conj/Hex       #.....       100%        3    ####...
 Force Lance              Conj/Tloc      #.......     100%        4    #####..
 Fulminant Prism          Conj/Hex       #.........   100%        4    #####..
 Iskenderun's Mystic Bla  Conj           #.......     100%        4    #####..


Dungeon Overview and Level Annotations

Branches:
Dungeon (4/15)
 Temple: D:4-7

Altars:
Makhleb
Okawaru
Yredelemnul
The Shining One


Innate Abilities, Weirdness & Mutations

You are resistant to damage.
You can heal yourself by infusing magical energy.
You passively map a small area around you.
You do not regenerate.


Message History

You slash the orc wizard!
You kill the orc wizard!
Makhleb accepts your kill.
You have reached level 7!
The orc hits you with a cursed -2 club.
The orc priest hits you but does no damage.
You block the orc's attack. x2
You hit the orc priest but do no damage.
The orc priest is severely wounded.
You hit the orc. x2; The orc priest barely misses you.
The orc hits you but does no damage. x2
You hit the orc.
You kill the orc!
Makhleb accepts your kill.
You hit the orc.
You kill the orc!
Makhleb accepts your kill.
You closely miss the orc priest.
The orc priest hits you with a +0 rapier. x2
Your shield and chain mail prevent you from hitting the orc priest.
The orc priest is severely wounded.
The orc priest barely misses you.
You hit the orc priest.
You kill the orc priest!
Makhleb accepts your kill.
No target in view!
No target in view!
No target in view!
No target in view!
No target in view!
b - 3 scrolls of identify {@r1} (gained 1)
Things that are here:
a +0 hand axe; a +0 robe; an orc corpse You butcher the orc corpse.
j - 12 chunks of flesh (gained 2)
Things that are here:
a +0 hand axe; a +0 robe; an orc skeleton
Things that are here:
a +0 hand axe; a +0 robe; an orc skeleton
There is an escape hatch in the ceiling, spattered with blood here.
Things that are here:
a +0 rapier; a +0 ring mail; an orc corpse You butcher the orc corpse.
j - 15 chunks of flesh (gained 3)
There is an escape hatch in the ceiling, spattered with blood here.
Things that are here:
a +0 rapier; a +0 ring mail; an orc skeleton
There is an escape hatch in the ceiling, spattered with blood here.
Things that are here:
a +0 rapier; a +0 ring mail; an orc skeleton You see here a cursed -2 club.
Things that are here:
a +0 scale mail; an orc corpse You butcher the orc corpse.
j - 18 chunks of flesh (gained 3)
Things that are here:
a +0 scale mail; an orc skeleton
Things that are here:
a +0 scale mail; an orc skeleton
Things that are here:
a cursed -2 morningstar; an orc corpse You butcher the orc corpse.
j - 19 chunks of flesh (gained 1)
Things that are here:
a cursed -2 morningstar; an orc skeleton
Things that are here:
a cursed -2 morningstar; an orc skeleton
Found a dagger.
Found a glowing golden altar of the Shining One and an iron altar of Okawaru.
Found an escape hatch in the floor.
An ogre comes into view. It is wielding a -2 giant spiked club.
An ogre is nearby!
Found a scroll labeled YNWEALE BELE, a potion of might and a ration.
You hear the hiss of a very distant avalanche of sand.
Found a stone staircase leading down.
Found a stone staircase leading up.
You barely miss the ogre. The ogre hits you but does no damage.
You hit the ogre.
The ogre is lightly wounded.
You block the ogre's attack.
You hit the ogre.
The ogre is moderately wounded.
The ogre hits you with a cursed -2 giant spiked club!!
* * * LOW HITPOINT WARNING * * *
You are too injured to fight recklessly!
You are too injured to fight recklessly!
You are too injured to fight recklessly!
You are too injured to fight recklessly!
You are too injured to fight recklessly!
You are too injured to fight recklessly!
You feel much better.
The ogre hits you with a cursed -2 giant spiked club!
You barely miss the ogre.
The ogre is moderately wounded.
The ogre hits you with a cursed -2 giant spiked club!!
* * * LOW HITPOINT WARNING * * *
You hit the ogre.
The ogre is moderately wounded.
The ogre hits you with a cursed -2 giant spiked club!
You die...

, , ..#.### ####.##
,.......#>.......
............?.!%. ,, ,
..................,
.......#*.................>. *
.......# ...................
.......# ......O.....).......
.......# ...._..@............#
,
.......#*....8...............#
, .......#
#..._................ .......#
##..................#*
.......# *###.######.........#
* ###.#......##< #.........#
#<######..# ##.......#* #.## .
##......# #..# * #
####...##.####


You could see an ogre.

Vanquished Creatures
  A scorpion (D:4)
  A howler monkey (D:4)
  A crimson imp (D:4)
  5 orc priests
  Natasha (thrice) (D:3)
  3 orc wizards
  Robin (D:2)
  A gnoll (D:1)
  4 adders
  3 oozes
  An adder skeleton (D:4)
  A dart slug (D:2)
  A leopard gecko (D:2)
  13 orcs
  10 bats
  3 giant cockroaches
  13 goblins
  9 hobgoblins
  2 jackals (D:1)
  6 kobolds
  2 ball pythons
  7 frilled lizards
  A quokka skeleton (D:4)
  4 rats
96 creatures vanquished.

Notes
Turn   | Place    | Note
-------+----------+-------------------------------------------
     0 | D:1      | EnegeticOcto the Deep Dwarf Fighter began the quest for the
                  | Orb.
     0 | D:1      | Reached XP level 1. HP: 20/20 MP: 1/1
    23 | D:1      | You fall into a shaft and drop 1 floor!
    37 | D:2      | Reached XP level 2. HP: 27/27 MP: 2/2
    88 | D:2      | Noticed Robin
   107 | D:2      | Reached XP level 3. HP: 29/33 MP: 3/3
   111 | D:2      | Reached skill level 1 in Dodging
   133 | D:2      | Killed Robin
   133 | D:2      | Reached skill level 3 in Axes
   373 | D:1      | Reached XP level 4. HP: 42/42 MP: 4/4
  1287 | D:3      | Reached XP level 5. HP: 31/49 MP: 5/5
  1347 | D:3      | Noticed Natasha
  1362 | D:3      | Killed Natasha
  1370 | D:3      | Reached skill level 4 in Axes
  1560 | D:3      | Found a basalt altar of Yredelemnul.
  1582 | D:3      | Noticed Natasha
  1591 | D:3      | Killed Natasha
  1591 | D:3      | Reached XP level 6. HP: 51/56 MP: 6/6
  1628 | D:3      | Noticed Natasha
  1639 | D:3      | Killed Natasha
  1853 | D:4      | Reached skill level 5 in Axes
  1894 | D:4      | Found a burning altar of Makhleb.
  1906 | D:4      | Became a worshipper of Makhleb the Destroyer
  1954 | D:4      | Reached XP level 7. HP: 39/63 MP: 5/5
  1977 | D:4      | Found a glowing golden altar of the Shining One.
  1977 | D:4      | Found an iron altar of Okawaru.
  1986 | D:4      | HP: 3/63 [ogre/cursed -2 giant spiked club (20)]
  1987 | D:4      | Slain by an ogre

Levels and vault maps discovered:
D:1:      eino_arrival_water_star, layout_basic
D:2:      layout_rooms, corexii_leaking_fountain, uniq_robin
D:3:      layout_basic, marbit_many_paths, uniq_natasha
D:4:      minmay_diamond_boxcup, layout_rooms, old_standard_altar,
          chequers_temple_overflow_statue_of_worship, first_ration,
          nicolae_ossuary_entry_giza

Skill      XL: |  1  2  3  4  5  6 |
---------------+-------------------+-----
Dodging        | 1 2 3 |  3.0
Axes           | 3 4 5 |  5.2
Fighting       | 3 |  3.8
Shields        | 4 |  4.7
Armour         | 4 |  4.7
Invocations    | |  0.6

Action                   |  1- 3 |  4- 6 |  7- 9 || total
-------------------------+-------+-------+-------++-------
Melee: War axe           |   106 |   186 |     9 ||   301
 Abil: Heal Wounds       |     2 |     4 |     1 ||     7
  Use: Scroll            |       |     8 |       ||     8
  Eat: Chunk             |       |     4 |       ||     4
Armor: Scale mail        |    45 |    21 |       ||    66
       Chain mail        |       |    97 |     3 ||   100
Dodge: Dodged            |    37 |    79 |     2 ||   118
Block: Shield            |    62 |   142 |     3 ||   207

Table legend:
 A = Non-vault XP
 B = Vault XP
 C = Vault XP percentage of total XP
 D = Non-vault monster count
 E = Vault monster count
 F = Vault count percentage of total count
                 A         B        C        D         E       F
            +---------+---------+-------+---------+---------+-------
      Total |     748 |      72 |   8.8 |      83 |      13 |  13.5
            +---------+---------+-------+---------+---------+-------
        D:1 |      57 |       0 |   0.0 |      29 |       0 |   0.0
        D:2 |      57 |      35 |  38.0 |      12 |      11 |  47.8
        D:3 |     245 |      37 |  13.1 |      22 |       2 |   8.3
        D:4 |     389 |       0 |   0.0 |      20 |       0 |   0.0
            +---------+---------+-------+---------+---------+-------
